 Dungeon Crawl Stone Soup version 0.31-a0-263-ge8cad7f256 (webtiles) character file.

Game seed: 1566243530830181568

26379 qw the Marksminotaur (level 12, 0/115 HPs)
             Began as a Minotaur Hexslinger on July 13, 2023.
             Was an Elder of Okawaru.
             Slain by a death yak (11 damage)
             ... on level 3 of the Lair of Beasts.
             The game lasted 00:05:38 (12242 turns).

qw the Marksminotaur (Minotaur Hexslinger)         Turns: 12242, Time: 00:05:38

Health: 0/115      AC: 16    Str: 17    XL:     12   Next: 97%
Magic:  16/16      EV: 28    Int: 10    God:    Okawaru [****..]
Gold:   1140       SH:  0    Dex: 17    Spells: 12/13 levels left

rFire   . . .        Y - +0 orcbow
rCold   + . .        (shield currently unavailable)
rNeg    . . .        h - +0 swamp dragon scales
rPois   +            (helmet restricted)
rElec   +            (no cloak)
rCorr   .            b - +2 pair of gloves of Least Resistance {rElec rC+ Slay+2 Stlth-}
SInv    .            o - +0 pair of boots
Will    .....        (no amulet)
Stlth   +            k - ring of Basod {EV+5 Str+3}
HPRegen 0.39/turn    e - +5 ring of evasion
MPRegen 0.15/turn

%: no passive effects
@: about to teleport, heroic
A: horns 2, retaliatory headbutt
a: Renounce Religion, Heroism, Finesse


You were on level 3 of the Lair of Beasts.
You worshipped Okawaru.
Okawaru was greatly pleased with you.
You visited 3 branches of the dungeon, and saw 15 of its levels.
You also visited: Sewer.

You collected 1283 gold pieces.
You spent 143 gold pieces at shops.


Innate Abilities, Weirdness & Mutations

You have a pair of horns on your head.
You reflexively headbutt those who attack you in melee.


   Skills:
 - Level 13.0(18.0) Fighting
 - Level 16.0(21.0) Ranged Weapons
 - Level 8.0(13.0) Armour
 + Level 8.5(13.5) Dodging
 - Level 1.0 Spellcasting
 - Level 2.0 Hexes
 + Level 7.6 Invocations


You had 12 spell levels left.
You knew the following spells:

 Your Spells              Type           Power      Damage    Failure   Level
a - Slow                  Hex            16%        N/A       24%         1

Your spell library contained the following spells:

 Spells                   Type           Power      Damage    Failure   Level
 Inner Flame              Hex/Fire       2%         N/A       71%         3
 Portal Projectile        Hex/Tloc       4%         N/A       71%         3
 Cause Fear               Hex            2%         N/A       93%         4

Inventory:

Hand Weapons
 Y - a +0 orcbow (weapon)
Armour
 b - the +2 pair of gloves of Least Resistance (worn) {rElec rC+ Slay+2 Stlth-}
   (You acquired it on level 2 of the Dungeon)

   Slay:      It affects your accuracy & damage with ranged weapons and melee
   (+2).
   rC:        It protects you from cold.
   rElec:     It insulates you from electricity.
   Stlth:     It makes you less stealthy.
 h - +0 swamp dragon scales (worn)
 m - the +0 leather armour of Eternity {rC+ Will+ Stlth+}
   (You found it on level 2 of the Lair of Beasts)

   rC:        It protects you from cold.
   Will:      It increases your willpower.
   Stlth:     It makes you more stealthy.
 o - a +0 pair of boots (worn)
Jewellery
 e - a +5 ring of evasion (right hand)
 j - a ring of fire
 k - the ring of Basod (left hand) {EV+5 Str+3}
   (You found it on level 2 of the Dungeon)

   [ring of evasion]

   EV:        It affects your evasion (+5).
   Str:       It affects your strength (+3).
Scrolls
 l - 5 scrolls of identify
 p - 3 scrolls of teleportation
Potions
 a - 2 potions of enlightenment
 c - 3 potions of mutation
 d - a potion of resistance
 f - 14 potions of curing
 g - a potion of magic
 i - a potion of cancellation
 n - 2 potions of might
 q - a potion of haste

Dungeon Overview and Level Annotations

Branches:
Dungeon (11/15)            Temple (1/1) D:7            Lair (3/5) D:11
 Spider (0/4) Lair:3        Sewer (visited)
  Swamp: Lair:2-3    Shoals: Lair:2-3       Orc: D:9-12

Altars:
Ashenzari
Cheibriados
Dithmenos
Elyvilon
Fedhas
Gozag
Hepliaklqana
Kikubaaqudgha
Makhleb
Nemelex Xobeh
Okawaru
Qazlal
Ru
Sif Muna
Trog
Uskayaw
Vehumet
Wu Jian
Xom
Yredelemnul
Zin
The Shining One

Shops:
D:3 (*(


Message History

The death yak completely misses you. The death yak closely misses you.
You shoot an arrow. The arrow barely misses the death yak.
The arrow hits the death yak.
The death yak is moderately wounded.
The death yak completely misses you. You furiously retaliate!
You headbutt the death yak. The death yak closely misses you.
The death yak gores you. The death yak completely misses you.
You furiously retaliate!
You headbutt the death yak. You shoot an arrow. The arrow hits the death yak.
The death yak is heavily wounded.
You shoot an arrow. The arrow hits the death yak!
The death yak is severely wounded.
The death yak gores you! The death yak gores you.
The death yak completely misses you. You furiously retaliate!
You headbutt the death yak!
The death yak gores you but does no damage.
12239 ||| READING 4 scrolls of teleportation.
As you read the scroll of teleportation, it crumbles to dust.
You feel strangely unstable.
The death yak completely misses you. x2; The death yak gores you.
The death yak completely misses you.
12240 ||| DRINKING potion of heal wounds.
You feel much better. The death yak gores you!!
The death yak closely misses you. The death yak barely misses you.
You furiously retaliate!
You headbutt the death yak! The yak completely misses you.
You furiously retaliate!
You headbutt the yak. The death yak closely misses you.
You furiously retaliate!
You headbutt the death yak. You shoot an arrow.
The arrow hits the death yak but does no damage.
The death yak is almost dead.
The death yak gores you! The death yak barely misses you.
You furiously retaliate!
You headbutt the death yak.
The death yak gores you but does no damage.
The death yak closely misses you. The yak gores you but does no damage.
You shoot an arrow. The arrow barely misses the death yak.
The arrow hits the death yak but does no damage.
The death yak is moderately wounded.
The death yak gores you!
You die...

#.##...
#....#
##....#
#.....#
#P....#
#.....#
##..Y.##
##%YYY.#.#..
#...@YY.....
#..##YY.....
#..# #Y###..
#..## .#
##...# .
#...P# .#
##...# .
##..## #.
#P..# #.#


You could see 5 death yaks and 4 yaks.

Vanquished Creatures
  Erolcha (D:10)
  A catoblepas (Lair:3)
  3 two-headed ogres
  A boulder beetle (D:11)
  A death yak (Lair:3)
  Urug (D:11)
  Sonja (Lair:2)
  A skeletal warrior (D:11)
  A lindwurm (Lair:2)
  A cyclops (D:11)
  3 elephants (Lair:2)
  A gargoyle (D:10)
  An unseen horror (D:11)
  5 cane toads
  Maggie (D:6)
  8 rime drakes (Lair:3)
  3 komodo dragons
  A troll (D:10)
  3 polar bears
  A hornet (D:9)
  5 wraiths
  33 yaks
  4 wyverns
  12 steam dragons
  Edmund (D:6)
  Duvessa (D:6)
  An acid dragon (Lair:3)
  5 water moccasins
  An orc warrior (D:6)
  3 ice beasts
  3 black bears
  2 ogres (D:6)
  13 wolves (Lair:2)
  A centaur (D:10)
  2 kobold brigands
  8 bullfrogs
  A scorpion (D:5)
  8 wights
  Dowan (D:6)
  5 killer bees (D:10)
  2 howler monkeys
  An electric eel (Lair:3)
  2 orc priests
  3 hounds
  2 gnoll boudas
  6 iguanas
  2 hell rats (Lair:1)
  5 orc wizards
  11 gnolls
  8 adders
  6 river rats
  A shadow imp (D:8)
  2 white imps
  2 worms (D:2)
  5 dart slugs
  30 orcs
  11 ball pythons
  14 endoplasms
  2 giant cockroaches (D:1)
  4 hobgoblins
  4 quokkas
  14 bats
  4 frilled lizards
  7 goblins
  25 kobolds
  8 rats
330 creatures vanquished.

Notes
Turn   | Place    | Note
-------+----------+-------------------------------------------
     0 | D:1      | qw the Minotaur Hexslinger began the quest for the Orb.
     0 | D:1      | Reached XP level 1. HP: 16/16 MP: 1/1
     0 | D:1      | 0 ||| qw: Version: 0.3-a-52-g30416fa
     0 | D:1      | 0 ||| qw: Game counter: 7295
     0 | D:1      | 0 ||| qw: Melee chars always use a shield: true
     0 | D:1      | 0 ||| qw: God list: Okawaru
     0 | D:1      | 0 ||| qw: Allow faded altars: false
     0 | D:1      | 0 ||| qw: Do Orc after clearing Dungeon:15 true
     0 | D:1      | 0 ||| qw: Do second Lair branch before Depths: true
     0 | D:1      | 0 ||| qw: Lair rune preference: random
     0 | D:1      | 0 ||| qw: Goals: Normal
     0 | D:1      | 0 ||| PLANNING D:1-11
   132 | D:1      | Reached skill level 3 in Ranged Weapons
   132 | D:1      | Reached XP level 2. HP: 23/23 MP: 2/2
   614 | D:1      | 614 ||| UPGRADING to +0 ring mail.
   624 | D:1      | 624 ||| DROPPING +0 robe.
   625 | D:1      | 625 ||| READING scroll labelled ILUCKEZO XEL PALE.
   726 | D:1      | 726 ||| DROPPING scroll of poison.
   756 | D:2      | Reached XP level 3. HP: 24/29 MP: 3/3
   901 | D:2      | Found a faded altar of an unknown god.
   943 | D:2      | Reached skill level 4 in Ranged Weapons
   952 | D:2      | Reached skill level 1 in Armour
   959 | D:2      | Reached XP level 4. HP: 36/36 MP: 4/4
  1017 | D:2      | Identified the ring of Basod {EV+5 Str+3}
  1519 | D:2      | 1519 ||| UPGRADING to ring of Basod {EV+5 Str+3}.
  1520 | D:2      | 1520 ||| READING 2 scrolls labelled FAHEHEUHIVO.
  1521 | D:2      | 1521 ||| READING scroll labelled INIRRE XUAR.
  1584 | D:2      | 1584 ||| READING scroll labelled SEBATZ LOPHAPP.
  1589 | D:2      | 1589 ||| READING scroll labelled KINYXA RAIMPOL.
  1590 | D:2      | 1590 ||| READING scroll labelled QOEDGH IFRAM.
  1590 | D:2      | Identified a scroll of acquirement
  1590 | D:2      | 1590 ||| ACQUIRING +2 pair of gloves of Least Resistance
                  | {rElec rC+ Slay+2 Stlth-}
  1590 | D:2      | Acquired the +2 pair of gloves of Least Resistance {rElec
                  | rC+ Slay+2 Stlth-}
  1592 | D:2      | 1592 ||| UPGRADING to +2 pair of gloves of Least Resistance
                  | {rElec rC+ Slay+2 Stlth-}.
  1597 | D:2      | 1597 ||| READING scroll labelled AMARUG PIORU.
  1598 | D:2      | 1598 ||| DROPPING scroll of blinking.
  1611 | D:3      | Found Ugooppip's Antique Weapon Emporium.
  1612 | D:3      | 1612 ||| PLANNING SEWER
  1634 | D:3      | 1634 ||| SWAPPING to +2 sling of draining.
  1635 | D:3      | 1635 ||| DROPPING +1 sling.
  1647 | D:3      | 1647 ||| Stepping ~*~*~tactically~*~*~ (outnumbered).
  1785 | D:3      | Reached skill level 5 in Ranged Weapons
  1787 | D:3      | Found a glowing drain.
  1791 | D:3      | 1791 ||| DRINKING 2 smoky dark potions.
  1792 | D:3      | 1792 ||| DRINKING 2 white potions.
  1793 | D:3      | 1793 ||| DROPPING potion of degeneration.
  1799 | Sewer    | Entered a sewer
  2041 | Sewer    | Noticed a kobold brigand
  2042 | Sewer    | 2042 ||| Stepping ~*~*~tactically~*~*~ (water).
  2047 | Sewer    | Killed a kobold brigand
  2048 | Sewer    | Reached skill level 3 in Fighting
  2048 | Sewer    | Reached XP level 5. HP: 46/46 MP: 5/5
  2133 | Sewer    | 2133 ||| READING scroll labelled MIHARHOFAI.
  2134 | Sewer    | 2134 ||| DRINKING 2 murky golden potions.
  2135 | Sewer    | 2135 ||| DRINKING 2 fuming white potions.
  2150 | D:3      | 2150 ||| PLANNING D:1-11
  2172 | D:3      | Found Ibeidgh's General Store.
  2174 | D:3      | Found Pacyal's Weapon Emporium.
  2174 | D:3      | Noticed a +0 giant spiked club
  2175 | D:3      | Noticed a +0 lajatang
  2179 | D:3      | 2179 ||| BUYING 2 potions of enlightenment (110 gold).
  2179 | D:3      | Bought 2 potions of enlightenment for 110 gold pieces
  2179 | D:3      | 2179 ||| SHOPLISTING amulet of faith (440 gold, have 56).
  2179 | D:3      | 2179 ||| BUYING potion of curing (33 gold).
  2179 | D:3      | Bought a potion of curing for 33 gold pieces
  2186 | D:3      | 2186 ||| SHOPLISTING +0 orcbow (35 gold, have 23).
  2444 | D:3      | 2444 ||| UPGRADING to +0 pair of boots.
  2449 | D:3      | 2449 ||| READING scroll labelled EHOTHRIETSYR.
  2450 | D:3      | 2450 ||| READING 2 scrolls of identify.
  2450 | D:3      | 2450 ||| IDENTIFYING fizzy emerald potion
  2481 | D:4      | Reached XP level 6. HP: 49/52 MP: 6/6
  2483 | D:4      | Reached skill level 6 in Ranged Weapons
  2555 | D:4      | Found a sacrificial altar of Ru.
  2556 | D:4      | You fall into a shaft and drop 2 floors!
  2578 | D:6      | Noticed Edmund
  2592 | D:6      | Killed Edmund
  2593 | D:6      | Reached skill level 7 in Ranged Weapons
  2711 | D:6      | Found a broken altar of Ashenzari.
  2722 | D:6      | 2722 ||| FLEEEEING.
  2723 | D:6      | 2723 ||| FLEEEEING.
  2724 | D:6      | 2724 ||| FLEEEEING.
  2727 | D:6      | 2727 ||| STAIRDANCE
  2728 | D:5      | Entered Level 5 of the Dungeon
  2768 | D:5      | Reached XP level 7. HP: 47/59 MP: 7/7
  2845 | D:5      | Reached skill level 8 in Ranged Weapons
  2906 | D:5      | Found a bloodstained altar of Trog.
  3069 | D:5      | 3069 ||| READING 2 scrolls of identify.
  3069 | D:5      | 3069 ||| IDENTIFYING sapphire potion
  3070 | D:5      | 3070 ||| DROPPING potion of brilliance.
  3283 | D:4      | Found a basalt altar of Yredelemnul.
  3377 | D:4      | Reached skill level 9 in Ranged Weapons
  3388 | D:4      | 3388 ||| READING scroll labelled IQISYKL QOXA.
  3392 | D:4      | Found a shimmering altar of Xom.
  3820 | D:4      | 3820 ||| DRINKING 2 clear potions.
  3821 | D:4      | 3821 ||| READING 5 scrolls of identify.
  3821 | D:4      | 3821 ||| IDENTIFYING blue potion
  3822 | D:4      | 3822 ||| READING 4 scrolls of identify.
  3822 | D:4      | 3822 ||| IDENTIFYING puce potion
  3823 | D:4      | 3823 ||| READING 3 scrolls of identify.
  3823 | D:4      | 3823 ||| IDENTIFYING grey potion
  3824 | D:4      | 3824 ||| READING 2 scrolls of identify.
  3824 | D:4      | 3824 ||| IDENTIFYING ruby potion
  3825 | D:4      | 3825 ||| DROPPING potion of berserk rage.
  3826 | D:4      | 3826 ||| DROPPING potion of invisibility.
  3827 | D:4      | 3827 ||| DROPPING potion of magic.
  4056 | D:5      | 4056 ||| Stepping ~*~*~tactically~*~*~ (water).
  4061 | D:5      | Reached XP level 8. HP: 68/68 MP: 8/8
  4178 | D:6      | Reached skill level 3 in Dodging
  4214 | D:6      | Reached skill level 6 in Fighting
  4220 | D:6      | Noticed Maggie
  4239 | D:6      | Killed Maggie
  4240 | D:6      | Reached skill level 10 in Ranged Weapons
  4441 | D:6      | Reached skill level 3 in Armour
  4725 | D:6      | Noticed Duvessa
  4726 | D:6      | Noticed Dowan
  4734 | D:6      | Killed Duvessa
  4743 | D:6      | Killed Dowan
  4744 | D:6      | Reached XP level 9. HP: 79/79 MP: 9/9
  4837 | D:6      | 4837 ||| READING scroll of enchant weapon.
  4837 | D:6      | 4837 ||| ENCHANTING +3 sling of draining.
  4996 | D:6      | 4996 ||| UPGRADING to +0 swamp dragon scales.
  5006 | D:6      | 5006 ||| DROPPING +0 ring mail.
  5007 | D:6      | 5007 ||| READING scroll labelled AKAAHA XAAHORU.
  5008 | D:6      | 5008 ||| READING scroll labelled AFUJOPHOGH.
  5009 | D:6      | 5009 ||| READING 2 scrolls labelled BAECEI KAGG.
  5010 | D:6      | 5010 ||| DRINKING 2 cyan potions.
  5011 | D:6      | 5011 ||| DROPPING scroll of immolation.
  5098 | D:7      | Found a staircase to the Ecumenical Temple.
  5099 | D:7      | 5099 ||| PLANNING TEMPLE
  5099 | D:7      | 5099 ||| READING scroll labelled ANEGUN WEUVU.
  5117 | Temple   | Entered the Ecumenical Temple
  5211 | Temple   | 5211 ||| PLANNING D:1-11
  5401 | D:7      | 5401 ||| Stepping ~*~*~tactically~*~*~ (outnumbered).
  5419 | D:7      | Reached skill level 11 in Ranged Weapons
  5419 | D:7      | 5419 ||| FLEEEEING.
  5420 | D:7      | 5420 ||| FLEEEEING.
  5421 | D:7      | 5421 ||| FLEEEEING.
  5422 | D:7      | 5422 ||| FLEEEEING.
  5423 | D:7      | 5423 ||| FLEEEEING.
  5424 | D:7      | 5424 ||| FLEEEEING.
  5425 | D:7      | 5425 ||| FLEEEEING.
  5426 | D:7      | 5426 ||| FLEEEEING.
  5427 | D:7      | 5427 ||| FLEEEEING.
  5428 | D:7      | 5428 ||| FLEEEEING.
  5429 | D:7      | 5429 ||| FLEEEEING.
  5430 | D:7      | 5430 ||| FLEEEEING.
  5431 | D:7      | 5431 ||| FLEEEEING.
  5432 | D:7      | 5432 ||| FLEEEEING.
  5433 | D:7      | 5433 ||| FLEEEEING.
  5434 | D:7      | 5434 ||| FLEEEEING.
  5435 | D:7      | 5435 ||| FLEEEEING.
  5436 | D:7      | 5436 ||| FLEEEEING.
  5437 | D:7      | 5437 ||| FLEEEEING.
  5438 | D:7      | 5438 ||| FLEEEEING.
  5439 | D:7      | 5439 ||| FLEEEEING.
  5440 | D:7      | 5440 ||| FLEEEEING.
  5441 | D:7      | 5441 ||| FLEEEEING.
  5442 | D:7      | 5442 ||| FLEEEEING.
  5443 | D:7      | 5443 ||| FLEEEEING.
  5444 | D:7      | 5444 ||| FLEEEEING.
  5445 | D:7      | 5445 ||| FLEEEEING.
  5446 | D:7      | 5446 ||| FLEEEEING.
  5447 | D:7      | 5447 ||| FLEEEEING.
  5448 | D:7      | 5448 ||| FLEEEEING.
  5449 | D:7      | 5449 ||| FLEEEEING.
  5450 | D:7      | 5450 ||| FLEEEEING.
  5451 | D:7      | 5451 ||| FLEEEEING.
  5452 | D:7      | 5452 ||| FLEEEEING.
  5453 | D:7      | 5453 ||| FLEEEEING.
  5454 | D:7      | 5454 ||| FLEEEEING.
  5455 | D:7      | 5455 ||| STAIRDANCE
  5515 | D:7      | 5515 ||| Stepping ~*~*~tactically~*~*~ (cloud).
  5996 | D:8      | Reached skill level 12 in Ranged Weapons
  6021 | D:8      | HP: 13/81 [yak (11)]
  6021 | D:8      | HP: 4/81 [yak (9)]
  6022 | D:8      | Reached XP level 10. HP: 5/88 MP: 10/10
  6022 | D:8      | 6022 ||| READING 2 scrolls of teleportation.
  6023 | D:8      | 6023 ||| DRINKING potion of heal wounds.
  6307 | D:8      | Identified the +3 spear "Hoelum" {heavy, rElec rF+}
  6417 | D:8      | 6417 ||| Stepping ~*~*~tactically~*~*~ (outnumbered).
  6419 | D:8      | 6419 ||| Stepping ~*~*~tactically~*~*~ (outnumbered).
  6420 | D:8      | 6420 ||| Stepping ~*~*~tactically~*~*~ (outnumbered).
  6545 | D:8      | Found a white marble altar of Elyvilon.
  6545 | D:8      | Found a glowing golden altar of the Shining One.
  6545 | D:8      | Found a glowing silver altar of Zin.
  6565 | D:8      | 6565 ||| DROPPING scarf of harm.
  6566 | D:8      | 6566 ||| DROPPING ring of magical power.
  6567 | D:8      | 6567 ||| READING 2 scrolls of identify.
  6567 | D:8      | 6567 ||| IDENTIFYING yellow potion
  6568 | D:8      | 6568 ||| DROPPING potion of attraction.
  6639 | D:9      | Noticed a two-headed ogre
  6646 | D:9      | Killed a two-headed ogre
  6647 | D:9      | Reached skill level 13 in Ranged Weapons
  6911 | D:9      | Reached skill level 9 in Fighting
  6956 | D:9      | Noticed a two-headed ogre
  6968 | D:9      | Killed a two-headed ogre
  6969 | D:9      | Reached skill level 14 in Ranged Weapons
  7460 | D:9      | 7460 ||| DROPPING ring of flight.
  7461 | D:9      | 7461 ||| READING 2 scrolls of identify.
  7461 | D:9      | 7461 ||| IDENTIFYING orange potion
  7462 | D:9      | 7462 ||| DROPPING potion of ambrosia.
  7475 | D:10     | Entered Level 10 of the Dungeon
  7515 | D:10     | Reached skill level 6 in Dodging
  7562 | D:10     | 7562 ||| SWAPPING to +0 orcbow.
  7576 | D:10     | 7576 ||| DROPPING +4 sling of draining.
  7661 | D:10     | Found an iron altar of Okawaru.
  7662 | D:10     | 7662 ||| PLANNING OKAWARU WORSHIP
  7674 | D:10     | Reached skill level 6 in Armour
  7699 | D:10     | Became a worshipper of Warmaster Okawaru
  7700 | D:10     | 7700 ||| PLANNING D:1-11
  7716 | D:10     | Noticed a gargoyle
  7732 | D:10     | Killed a gargoyle
  7811 | D:10     | Found an ancient bone altar of Kikubaaqudgha.
  8039 | D:10     | Found a blossoming altar of Fedhas.
  8039 | D:10     | Found a burning altar of Makhleb.
  8125 | D:10     | Found a shimmering blue altar of Sif Muna.
  8152 | D:10     | Noticed Erolcha
  8162 | D:10     | Killed Erolcha
  8162 | D:10     | Reached * piety under Okawaru
  8163 | D:10     | Reached XP level 11. HP: 101/101 MP: 11/11
  8485 | D:11     | Reached skill level 1 in Invocations
  8542 | D:11     | Found the +5 scythe "Finisher" {speed, execute}
  8543 | D:11     | Noticed a skeletal warrior
  8544 | D:11     | 8544 ||| INVOKING Heroism.
  8555 | D:11     | 8555 ||| INVOKING Heroism.
  8556 | D:11     | 8556 ||| INVOKING Heroism.
  8559 | D:11     | Killed a skeletal warrior
  8908 | D:11     | Noticed a boulder beetle
  8909 | D:11     | 8909 ||| INVOKING Heroism.
  8925 | D:11     | Killed a boulder beetle
  8926 | D:11     | Reached skill level 3 in Invocations
  9072 | D:11     | Noticed a two-headed ogre
  9073 | D:11     | 9073 ||| INVOKING Heroism.
  9080 | D:11     | Killed a two-headed ogre
  9080 | D:11     | Reached ** piety under Okawaru
  9123 | D:11     | 9123 ||| INVOKING Heroism.
  9282 | D:11     | Noticed Urug
  9283 | D:11     | 9283 ||| INVOKING Heroism.
  9297 | D:11     | Killed Urug
  9298 | D:11     | Reached skill level 15 in Ranged Weapons
  9403 | D:11     | Found a staircase to the Lair.
  9479 | D:11     | 9479 ||| PLANNING LAIR
  9479 | D:11     | 9479 ||| READING scroll labelled JIAWIN ZUFIPAEPP.
  9527 | Lair:1   | Entered Level 1 of the Lair of Beasts
  9800 | Lair:1   | 9800 ||| INVOKING Heroism.
  9829 | Lair:1   | 9829 ||| INVOKING Heroism.
  9982 | Lair:1   | 9982 ||| INVOKING Heroism.
  9987 | Lair:1   | Reached skill level 16 in Ranged Weapons
 10466 | Lair:1   | 10466 ||| UPGRADING to +5 ring of evasion.
 10494 | Lair:2   | 10494 ||| INVOKING Heroism.
 10510 | Lair:2   | Reached *** piety under Okawaru
 10519 | Lair:2   | 10519 ||| STAIRDANCE
 10526 | Lair:1   | Reached XP level 12. HP: 56/110 MP: 14/14
 10763 | Lair:2   | 10763 ||| STAIRDANCE
 10821 | Lair:2   | 10821 ||| INVOKING Heroism.
 11009 | Lair:2   | Noticed Sonja
 11024 | Lair:2   | Killed Sonja
 11075 | Lair:2   | Reached skill level 12 in Fighting
 11080 | Lair:2   | 11080 ||| INVOKING Heroism.
 11102 | Lair:2   | Reached **** piety under Okawaru
 11202 | Lair:2   | 11202 ||| INVOKING Heroism.
 11331 | Lair:2   | Identified the +0 leather armour of Eternity {rC+ Will+
                  | Stlth+}
 11475 | Lair:3   | 11475 ||| INVOKING Heroism.
 11522 | Lair:3   | 11522 ||| DROPPING ring of willpower.
 11526 | Lair:3   | Noticed a catoblepas
 11527 | Lair:3   | 11527 ||| INVOKING Heroism.
 11534 | Lair:3   | Killed a catoblepas
 11594 | Lair:3   | 11594 ||| INVOKING Heroism.
 11606 | Lair:3   | 11606 ||| Stepping ~*~*~tactically~*~*~ (cloud).
 11613 | Lair:3   | Reached skill level 6 in Invocations
 11774 | Lair:3   | 11774 ||| INVOKING Heroism.
 11801 | Lair:3   | 11801 ||| Stepping ~*~*~tactically~*~*~ (cloud).
 11819 | Lair:3   | 11819 ||| INVOKING Heroism.
 11842 | Lair:3   | 11842 ||| Stepping ~*~*~tactically~*~*~ (outnumbered).
 11859 | Lair:3   | 11859 ||| INVOKING Heroism.
 11996 | Lair:3   | 11996 ||| INVOKING Heroism.
 12185 | Lair:3   | Found a hole to the Spider Nest.
 12217 | Lair:3   | Noticed a death yak
 12218 | Lair:3   | 12218 ||| INVOKING Heroism.
 12220 | Lair:3   | Noticed a death yak
 12222 | Lair:3   | Noticed a death yak
 12222 | Lair:3   | Noticed a death yak
 12222 | Lair:3   | Noticed a death yak
 12223 | Lair:3   | Noticed a death yak
 12229 | Lair:3   | Killed a death yak
 12238 | Lair:3   | HP: 27/115 [death yak (11)]
 12239 | Lair:3   | 12239 ||| READING 4 scrolls of teleportation.
 12240 | Lair:3   | 12240 ||| DRINKING potion of heal wounds.
 12241 | Lair:3   | HP: 11/115 [death yak (9)]
 12242 | Lair:3   | Slain by a death yak

Levels and vault maps discovered:
D:1:      nzn_arrival_crosshair, layout_basic
D:2:      layout_basic, hellmonk_ecumenical_altar_arch_garden,
          minmay_liquid_box, minmay_nonomino_d4
D:3:      layout_rooms, serial_shops, shop, nicolae_shop_trees,
          nicolae_shop_mannequins, portal_sewer_entry_c
D:4:      nicolae_BIG_FREAKIN_CUBE, layout_loops_ring,
          yredelemnul_altar_generic, nicolae_ru_awakened_eye, tgw_xom
D:5:      layout_cave_pools, lightli_temple_of_fire, serial_rivers,
          chequers_serial_rivers_large_a, chequers_serial_rivers_room_a,
          chequers_serial_rivers_micro_d, chequers_serial_rivers_large_b
D:6:      nicolae_cairo_tiling_large, layout_basic, amcnicky_altar_gilded,
          corexii_shack, uniq_edmund, uniq_duvessa, uniq_maggie
D:7:      layout_loops_ring, minmay_temple_entry_ruins
D:8:      layout_rooms, good_gods_mini_temple
D:9:      layout_loops_ring
D:10:     layout_stronghold, old_standard_altar, overflow_temple_1_default,
          kiku_gazebo_pond_becter, mainiacjoe_overflow_divided_tiny,
          uniq_erolcha
D:11:     layout_irregular_city, lair_entry_dummy, serial_glass,
          glass_columns_a, glass_columns_b, minmay_guarded_unrand_finisher,
          uniq_urug
Temple:   hellmonk_temple_beads
Lair:1:   layout_hall_layers, chequers_serial_rivers_micro_e, kennysheep_rathole
Lair:2:   layout_cave_shapes, beast_lair_carwin_11, uniq_sonja
Lair:3:   layout_gridlike, nicolae_swamp_entry_spooky, dummy_spider_entry,
          bobbens_dragon_lair_wall

Skill      XL: |  1  2  3  4  5  6  7  8  9 10 11 12 |
---------------+-------------------------------------+-----
Ranged Weapons | 3 4 5 7 9 10 12 14 16 | 16.0
Fighting       | 2 3 4 5 7 8 10 11 13 | 13.0
Armour         | 1 2 3 5 6 8 |  8.0
Dodging        | 3 5 6 7 8 |  8.5
Invocations    | 4 7 |  7.6
Spellcasting   | |  1.0
Hexes          | |  2.0

Action                     |  1- 3 |  4- 6 |  7- 9 | 10-12 || total
---------------------------+-------+-------+-------+-------++-------
   Fire: Sling             |    92 |   188 |   286 |    88 ||   654
         Orcbow            |       |       |       |   634 ||   634
 Invoke: Heroism           |       |       |       |    21 ||    21
    Use: Scroll            |     1 |     9 |    11 |     5 ||    26
         Potion            |       |     4 |     2 |     2 ||     8
 Armour: Robe              |     6 |       |       |       ||     6
         Ring mail         |     2 |    29 |    21 |       ||    52
         Swamp dragon scal |       |       |     6 |   101 ||   107
  Dodge: Dodged            |    26 |    81 |   121 |   407 ||   635

Table legend:
 A = Non-vault XP
 B = Vault XP
 C = Vault XP percentage of total XP
 D = Non-vault monster count
 E = Vault monster count
 F = Vault count percentage of total count
                 A         B        C        D         E       F
            +---------+---------+-------+---------+---------+-------
      Total |   27378 |   10307 |  27.4 |     252 |      78 |  23.6
            +---------+---------+-------+---------+---------+-------
        D:1 |      38 |       0 |   0.0 |      22 |       0 |   0.0
        D:2 |      56 |      40 |  41.7 |      17 |       9 |  34.6
        D:3 |      69 |      15 |  17.9 |      22 |       3 |  12.0
        D:4 |     320 |      12 |   3.6 |      20 |       4 |  16.7
        D:5 |     526 |       0 |   0.0 |      13 |       0 |   0.0
        D:6 |    1011 |     778 |  43.5 |      23 |       5 |  17.9
        D:7 |     950 |       0 |   0.0 |      18 |       0 |   0.0
        D:8 |    2802 |       0 |   0.0 |      22 |       0 |   0.0
        D:9 |    2706 |       0 |   0.0 |       8 |       0 |   0.0
       D:10 |    1272 |     865 |  40.5 |      15 |       1 |   6.2
       D:11 |    3064 |    2197 |  41.8 |       9 |       5 |  35.7
     Lair:1 |    3951 |     141 |   3.4 |      18 |       9 |  33.3
     Lair:2 |    5471 |    1530 |  21.9 |      27 |       4 |  12.9
     Lair:3 |    5142 |    4605 |  47.2 |      18 |      18 |  50.0
      Sewer |       0 |     124 | 100.0 |       0 |      20 | 100.0
            +---------+---------+-------+---------+---------+-------
